 Dungeon Crawl Stone Soup version 0.27-a0-931-g5a74e75d8f (webtiles) character file.

Game seed: 10523088595564892426

8 Alarkh the Insei (level 2, 21/22 HPs)
             Began as a Demonspawn Gladiator on Apr 10, 2021.
             Got out of the dungeon alive.
             The game lasted 00:00:26 (624 turns).

Alarkh the Insei (Demonspawn Gladiator)              Turns: 624, Time: 00:00:27

Health: 21/22      AC:  3    Str: 14    XL:     2   Next: 0%
Magic:  2/2        EV: 12    Int:  9    God:
Gold:   15         SH:  0    Dex: 14    Spells: 1/1 levels left

rFire    . . .     SeeInvis .     - Unarmed
rCold    . . .     Faith    .   (no shield)
rNeg     . . .     Spirit   .   a - +0 leather armour
rPois    .         Reflect  .   (helmet restricted)
rElec    .         Harm     .   (no cloak)
rCorr    .         Rampage  .   (no gloves)
Will     .....                  (no boots)
Stlth    +.........             (no amulet)
HPRegen  0.07/turn              (no ring)
MPRegen  0.08/turn              (no ring)

@: no status effects
A: antennae 1
a: no special abilities


You escaped.
You visited 1 branch of the dungeon, and saw 1 of its levels.

You collected 15 gold pieces.

Inventory:

Missiles
 c - 3 throwing nets (quivered)
Armour
 a - a +0 leather armour (worn)
 b - a +0 helmet


   Skills:
 + Level 2.2 Fighting
 - Level 1.7 Throwing
 - Level 2.6 Dodging
 * Level 3.1 Unarmed Combat


You had one spell level left.
You didn't know any spells.
Your spell library was empty.

Dungeon Overview and Level Annotations

Branches:
Dungeon (1/15)

Altars:


Innate Abilities, Weirdness & Mutations

You have a pair of small antennae on your head.


Message History

The kobold throws a stone.
The stone hits you but does no damage. The kobold closely misses you.
You barely miss the kobold. The kobold hits you with a +0 dagger.
You closely miss the kobold. The kobold barely misses you.
You barely miss the rat. The rat bites you. The kobold closely misses you.
You hit the rat.
You kill the rat!
The kobold hits you but does no damage.
You barely miss the kobold. The kobold hits you but does no damage.
You completely miss the kobold. The kobold hits you but does no damage.
You closely miss the kobold. The kobold hits you with a +0 dagger.
You hit the kobold.
The kobold is severely wounded.
The kobold hits you with a +0 dagger.
A kobold is nearby!
You are too injured to fight recklessly!
You miss the kobold.
The kobold is severely wounded.
The kobold closely misses you.
You hit the kobold.
You kill the kobold!
You have reached level 2!
Your demonic ancestry asserts itself...
A pair of antennae grows on your head!
Your +0 helmet falls away!
Things that are here:
a +0 dagger; 2 stones; a kobold corpse Unknown command.
You see here a rat corpse.
There is an open door here.
Unknown command.
Unknown command.
There are no items here.
Unknown command.
Sorry, you're not good enough to have a special ability.
Unknown command.
Unknown command.
There is a staircase leading out of the dungeon here.
Are you sure you want to leave the Dungeon?
This will make you lose the game!
You have escaped!

##
#≈≈#.......#######.#.#...#
#. ####≈≈####.##.##
#.#.#...# #. ##≈##≈#
#.##..######.#.#...## #.
#≈##≈#
#..........#...'....###.
#≈##≈#
#..#######.#.#.#....##..
#≈##≈# #..#.)...#
###.####.#... ##≈≈#≈#
#..#[....#.....####.#...
≈≈#≈#≈#
#..#..##.#.##..#........
≈≈#≈#≈# #..#..#@.#
#..#........ #≈#≈≈##
#..#..#..# #..#.....#.#
###≈≈≈# #..##.#.##
#..#.....#.# # ###≈#
#.....#.. #..#.....#.# #≈#
#.....#.. #.....#.##.# ###
####..#### ..##.#.##.#
#.... .. #.#.##.# #.....
#######


There were no monsters in sight!

Vanquished Creatures
  A hobgoblin (D:1)
  4 bats (D:1)
  A frilled lizard (D:1)
  3 kobolds (D:1)
  2 rats (D:1)
11 creatures vanquished.

Notes
Turn   | Place    | Note
-------+----------+-------------------------------------------
     0 | D:1      | Alarkh the Demonspawn Gladiator began the quest for the
                  | Orb.
     0 | D:1      | Reached XP level 1. HP: 16/16 MP: 1/1
   433 | D:1      | Reached skill level 3 in Unarmed Combat
   473 | D:1      | Gained mutation: You have a pair of small antennae on your
                  | head. [demonic ancestry]
   473 | D:1      | Reached XP level 2. HP: 10/22 MP: 2/2
   624 | D:$      | Got out of the dungeon alive.

Illustrated notes

Levels and vault maps discovered:
D:1:      ebering_hopf_link, layout_basic, chequers_serial_rivers_small_b,
          chequers_serial_rivers_large_b, minmay_misc_feat_hallway

Skill      XL: |  1 |
---------------+----+-----
Unarmed Combat | 3 |  3.1
Fighting       | |  2.2
Throwing       | |  1.7
Dodging        | |  2.6

Action                   || total
-------------------------++-------
Melee: Unarmed           ||    53
Armor: Leather armour    ||    25
Dodge: Dodged            ||    40

Table legend: (Time is in decaauts)
 A = Elapsed time spent in this place.
 B = Non-inter-level travel time spent in this place.
 C = Inter-level travel time spent in this place.
 D = Time resting spent in this place.
 E = Time spent auto-exploring this place.
 F = Levels seen in this place.
 G = Mean time per level.
                   A        B        C        D        E       F      G
               +--------+--------+--------+--------+--------+-----+--------+
         Total |    650 |    588 |     62 |      0 |    499 |   1 |  650.0 |
       Dungeon |    650 |    588 |     62 |      0 |    499 |   1 |  650.0 |
               +--------+--------+--------+--------+--------+-----+--------+

Top non-repeatable levels by time:
     D:1: 650 daAuts
